 Dungeon Crawl Stone Soup version 0.27-a0-1202-ge72e49191c (webtiles) character file.

Game seed: 1451901878878824008

3 Kinoniko the Chopper (level 1, 0/31 HPs)
             Began as a Naga Berserker on June 3, 2021.
             Was a Follower of Trog.
             Frozen to death by an endoplasm (2 damage)
             ... on level 1 of the Dungeon.
             The game lasted 00:00:15 (154 turns).

Kinoniko the Chopper (Naga Berserker)                Turns: 154, Time: 00:00:16

Health: 0/31       AC:  1    Str: 19    XL:     1   Next: 50%
Magic:  1/1        EV:  9    Int:  7    God:    Trog [*.....]
Gold:   0          SH:  0    Dex: 10    Spells: 0/0 levels left

rFire    . . .     SeeInvis +   a - +0 hand axe
rCold    . . .     Faith    .   (no shield)
rNeg     . . .     Spirit   .   b - +0 animal skin
rPois    +         Reflect  .   (no helmet)
rElec    .         Harm     .   (no cloak)
rCorr    .         Rampage  .   (no gloves)
Will     .....                  (no barding)
Stlth    ..........             (no amulet)
HPRegen  0.10/turn              (no ring)
MPRegen  0.07/turn              (no ring)

@: berserking, quick
A: AC +0, large, see invisible, deformed body, poison resistance, slowness 2,
spit poison 1, naga tail 1
a: Spit Poison, Renounce Religion, Berserk


You were on level 1 of the Dungeon.
You worshipped Trog.
Trog was aware of your devotion.
You visited 1 branch of the dungeon, and saw 1 of its levels.

Inventory:

Hand Weapons
 a - a +0 hand axe (weapon)
Armour
 b - a +0 animal skin (worn)


   Skills:
 + Level 3.0 Fighting
 * Level 3.1 Axes
 - Level 1.5 Armour
 - Level 1.5 Dodging


You couldn't memorise any spells.
You didn't know any spells.
Your spell library was empty.

Dungeon Overview and Level Annotations

Branches:
Dungeon (1/15)

Altars:


Innate Abilities, Weirdness & Mutations

Your serpentine skin is tough. (AC +0)
You have supernaturally acute eyesight. (SInv)
Armour fits poorly on your strangely shaped body.
Your system is resistant to poisons. (rPois)
You cover ground very slowly.
You can spit poison.
You have a snake-like lower body.


Message History

You completely miss the hobgoblin.
The hobgoblin is almost dead.
You hit the bush but do no damage.
The endoplasm hits the bush but does no damage.
The hobgoblin barely misses you.
The endoplasm hits the bush but does no damage.
A red film seems to cover your vision as you go berserk!
You feel yourself moving faster!
You feel mighty! The hobgoblin closely misses you.
The endoplasm hits the bush but does no damage.
You slash the hobgoblin!
You kill the hobgoblin!
Trog accepts your kill.
You hit the bush but do no damage.
An endoplasm comes into view.
The endoplasm quivers.
The endoplasm freezes you.
You are frozen.
* * * LOW HITPOINT WARNING * * *
The endoplasm moves out of view.
You see here a hobgoblin corpse.
You hit the endoplasm.
You kill the endoplasm!
Trog accepts your kill.
You hit the bush.
You start resting.
An endoplasm is nearby!
An endoplasm is nearby!
An endoplasm is nearby!
You feel a strong urge to attack something.
The endoplasm hits you.
* * * LOW HITPOINT WARNING * * *
You barely miss the endoplasm. You hit the bush but do no damage.
You hit the endoplasm.
The endoplasm is heavily wounded.
You completely miss the bush.
An endoplasm comes into view.
The endoplasm freezes you.
You are frozen.
You die...

#...
#######..
.........
.........
........#
........#
J.....J.#
♣♣@♣ ♣P†♣
♣.♣♣
♣..♣♣
♣♣..♣
♣P.♣ ♣..♣
♣.P♣
#♣.♣♣


You could see 2 endoplasms.

Vanquished Creatures
  An endoplasm (D:1)
  A hobgoblin (D:1)
  A frilled lizard (D:1)
3 creatures vanquished.

Vanquished Creatures (others)
  A plant (D:1)
1 creature vanquished.

Grand Total: 4 creatures vanquished

Notes
Turn   | Place    | Note
-------+----------+-------------------------------------------
     0 | D:1      | Kinoniko the Naga Berserker began the quest for the Orb.
     0 | D:1      | Reached XP level 1. HP: 21/21 MP: 1/1
   154 | D:1      | Frozen to death by an endoplasm

Illustrated notes

Levels and vault maps discovered:
D:1:      dpeg_arrival_rooms_c, layout_basic,
          shapermc_ecumenical_altar_starsandcircs, serial_forest,
          infiniplex_forest_straight_2, infiniplex_forest_end_2,
          infiniplex_forest_lined_room_, infiniplex_forest_zigzag_1,
          infiniplex_forest_lined_2, infiniplex_forest_lined_corner,
          serial_bayou_pond_b, corexii_hall_statues_x,
          amcnicky_mini_rare_corridor_liquid

Action                   || total
-------------------------++-------
Melee: Hand axe          ||    15
Invok: Berserk           ||     1
Armor: Animal skin       ||     3
Dodge: Dodged            ||     2

Table legend: (Time is in decaauts)
 A = Elapsed time spent in this place.
 B = Non-inter-level travel time spent in this place.
 C = Inter-level travel time spent in this place.
 D = Time resting spent in this place.
 E = Time spent auto-exploring this place.
 F = Levels seen in this place.
 G = Mean time per level.
                   A        B        C        D        E       F      G
               +--------+--------+--------+--------+--------+-----+--------+
         Total |    189 |    189 |      0 |      1 |    165 |   1 |  189.0 |
       Dungeon |    189 |    189 |      0 |      1 |    165 |   1 |  189.0 |
               +--------+--------+--------+--------+--------+-----+--------+

Top non-repeatable levels by time:
     D:1: 189 daAuts
